AoeStats
← Clint Southwood

Arabia

511037244Analyzed
1v1 RM · 10h ago on Oct 3, 2026· 23m 37s· 2 players
Game mode
Random Map
Map size
Tiny (2 player)
Population
200
Speed
Normal
Resources
Standard
Victory
Conquest
Starting age
Dark Age
Ending age
Imperial Age
RankedLock teamsTeams togetherTeam positionsShared explorationLock speedFull tech treeHidden civsTurbo modeCheats
Victory
Defeat
🇪🇨 Jurchens · Ecuador
1343
+16
🇬🇧 Japanese · United Kingdom
1342
-16
Euphoria
6:41 Loom
8:54 Feudal Age
8:58 Man-at-Arms
11:13 Double-Bit Axe
14:06 Fletching
17:35 Horse Collar
21:48 Castle Age
22:30 Bodkin Arrow
22:53 Bow Saw
22:12 Crossbowman
Clint Southwood
7:27 Loom
9:32 Feudal Age
14:05 Castle Age
12:40 Double-Bit Axe
13:58 Padded Archer Armor
18:14 Fletching
Connection lost

Rejoining the realm…

Still unreachable

The connection could not be restored.

Session expired

The server has moved on; the page needs a fresh start.